 Dungeon Crawl Stone Soup version 0.30-b1-2-g02819fbbbe (webtiles) character file.

Game seed: 3492976764850509900

150 MisterFreud the Gusty (level 5, -5/37 HPs)
             Began as a Gnoll Wanderer on Sept 4, 2023.
             Was a Follower of Zin.
             Killed from afar by Natasha (21 damage)
             ... with a bolt of dispelling energy
             ... on level 2 of the Dungeon.
             The game lasted 00:02:58 (1655 turns).

MisterFreud the Gusty (Gnoll Wanderer)              Turns: 1655, Time: 00:02:59

Health: -5/37      AC:  7    Str: 13    XL:     5   Next: 32%
Magic:  9/9        EV: 10    Int: 11    God:    Zin [*.....]
Gold:   54         SH:  0    Dex: 12    Spells: 9/10 levels left

rFire   . . .        a - +0 trident
rCold   . . .        (no shield)
rNeg    . . .        b - +0 ring mail
rPois   .            d - +0 helmet
rElec   .            (no cloak)
rCorr   .            (no gloves)
SInv    .            (no boots)
Will    .....        (no amulet)
Stlth   +            (no ring)
HPRegen 0.26/turn    (no ring)
MPRegen 0.11/turn

%: no passive effects
@: no status effects
A: fangs 1, strong nose, distributed training
a: Renounce Religion, Recite, Donate Gold


You were on level 2 of the Dungeon.
You worshipped Zin.
Zin was aware of your devotion.
You visited 1 branch of the dungeon, and saw 2 of its levels.

You collected 59 gold pieces.
You donated 5 gold pieces to Zin.

Inventory:

Hand Weapons
 a - a +0 trident (weapon)
Armour
 b - a +0 ring mail (worn)
 d - a +0 helmet (worn)
Scrolls
 c - 2 scrolls of blinking
Potions
 e - 2 potions of haste
 f - a potion of attraction {unknown}
 g - a potion of lignification {unknown}
 h - 2 potions of resistance {unknown}
 i - 3 potions of curing {unknown}
 j - a potion of berserk rage {unknown}
 m - a potion of invisibility {unknown}
 n - a potion of brilliance {unknown}


   Skills:
 + Level 1.5 Fighting
 + Level 1.5 Short Blades
 + Level 1.5 Long Blades
 + Level 1.5 Axes
 + Level 1.5 Maces & Flails
 + Level 4.8 Polearms
 + Level 1.5 Staves
 + Level 1.5 Ranged Weapons
 + Level 1.5 Throwing
 + Level 4.8 Armour
 + Level 1.5 Dodging
 + Level 1.5 Stealth
 + Level 1.5 Shields
 + Level 1.5 Unarmed Combat
 + Level 3.2 Spellcasting
 + Level 1.2 Conjurations
 + Level 1.2 Hexes
 + Level 1.2 Summonings
 + Level 1.2 Necromancy
 + Level 1.2 Translocations
 + Level 1.2 Transmutations
 + Level 1.2 Fire Magic
 + Level 1.2 Ice Magic
 + Level 5.5 Air Magic
 + Level 1.2 Earth Magic
 + Level 1.2 Poison Magic
 + Level 1.7 Invocations
 + Level 4.8 Evocations


You had 9 spell levels left.
You knew the following spells:

 Your Spells              Type           Power      Damage    Failure   Level
a - Shock                 Conj/Air       36%        1d5       13%         1

Your spell library contained the following spells:

 Spells                   Type           Power      Damage    Failure   Level
 Mephitic Cloud           Conj/Pois/Air  7%         N/A       45%         3
 Summon Forest            Summ/Tloc      2%         N/A       100%        5
 Eringya's Noxious Bog    Tmut/Pois      2%         N/A       100%        6
 Summon Hydra             Summ           2%         N/A       100%        7


Dungeon Overview and Level Annotations

Branches:
Dungeon (2/15)

Altars:
Zin

Annotations:
D:2 Natasha


Innate Abilities, Weirdness & Mutations

You have very sharp teeth.
Your uncanny sense of smell can sniff out nearby items.
Your experience applies equally to all skills.


Message History

It is a scroll of identify.
e - 2 potions of haste
As you read the scroll labelled BEBYIXUYRO, it crumbles to dust.
You feel strangely unstable.
It was a scroll of teleportation.
As you read the scroll labelled QUPUXE YZACW, it crumbles to dust.
You assume a fearsome visage.
Nothing appears to happen.
It was a scroll of fear.
You start resting.
Your surroundings suddenly seem different.
Natasha, Servant of Life and Death comes into view.
She is carrying a wand of quicksilver (9).
Natasha is nearby!
Natasha hisses angrily.
Natasha zaps a wand.
The bolt of dispelling energy misses you.
You reach to attack!
You hit Natasha.
Natasha is lightly wounded.
Natasha zaps a wand.
The bolt of dispelling energy hits you!!
Natasha casts a spell at you. You resist with some effort.
You see here a quokka skeleton.
You closely miss Natasha.
Natasha is lightly wounded.
Natasha closely misses you.
You closely miss Natasha. Your bite misses Natasha.
Natasha is lightly wounded.
Natasha claws you.
You are too injured to fight recklessly!
You hit Natasha.
Natasha is moderately wounded.
Natasha mumbles some strange words.
You are too injured to fight recklessly!
You barely miss Natasha.
Natasha is moderately wounded.
Natasha wildly gestures.
Natasha shimmers violently.
Natasha zaps a wand.
The bolt of dispelling energy hits you!!
Ouch! That really hurt!
You die...

#.# #..........# #.....# ##.#
#.########.# #####.# #^.# #.#
###.### #.# #.## ###.######.....#
#.# ####.###
#...##.....###.#######.# .......#
#.#........# #......##.#
.###...###...#..5##.###.####.....
÷# #...........#.##.............#
.###...####.....@h....########..#
.......# #..########.## #..#
##(#..#####..# #...#######..#
.............# #.#..........#
##.#..######.# #...######..##
##.#.....# #.# ##.## #.##
......##.# #.#### #.# #.#
#..#####.# #...)#####.#######.#
#.## #.# #..†...............#


You could see Natasha and a cerulean imp (summoned).

Vanquished Creatures
  Natasha (D:2)
  4 adders (D:2)
  3 gnolls (D:2)
  2 worms (D:2)
  4 dart slugs
  2 ball pythons
  6 bats
  3 endoplasms
  A giant cockroach (D:1)
  2 goblins
  7 hobgoblins
  4 jackals (D:2)
  2 quokkas (D:2)
  3 frilled lizards
  2 kobolds (D:1)
  2 rats (D:1)
48 creatures vanquished.

Notes
Turn   | Place    | Note
-------+----------+-------------------------------------------
     0 | D:1      | MisterFreud the Gnoll Wanderer began the quest for the Orb.
     0 | D:1      | MisterFreud set off with the following items: a +0 trident,
                  | a +0 ring mail, a scroll of blinking; and the following
                  | spell memorised: Shock; and the following spells available
                  | to memorise: Mephitic Cloud.
     0 | D:1      | Reached XP level 1. HP: 13/13 MP: 4/4
   153 | D:1      | Reached XP level 2. HP: 19/19 MP: 5/5
   402 | D:1      | Reached XP level 3. HP: 24/25 MP: 7/7
   499 | D:1      | Found a faded altar of an unknown god.
   546 | D:1      | Prayed at the altar of an unknown god.
   546 | D:1      | Became a worshipper of Zin the Law-Giver
   546 | D:1      | Reached * piety under Zin
   812 | D:2      | Reached skill level 1 in Invocations
   908 | D:2      | Reached skill level 1 in Fighting
   908 | D:2      | Reached skill level 1 in Short Blades
   908 | D:2      | Reached skill level 1 in Long Blades
   908 | D:2      | Reached skill level 1 in Axes
   908 | D:2      | Reached skill level 1 in Maces & Flails
   908 | D:2      | Reached skill level 1 in Staves
   908 | D:2      | Reached skill level 1 in Ranged Weapons
   908 | D:2      | Reached skill level 1 in Throwing
   908 | D:2      | Reached skill level 1 in Dodging
   908 | D:2      | Reached skill level 1 in Stealth
   908 | D:2      | Reached skill level 1 in Shields
   908 | D:2      | Reached skill level 1 in Unarmed Combat
   979 | D:2      | Reached XP level 4. HP: 29/32 MP: 8/8
  1096 | D:2      | Reached skill level 1 in Conjurations
  1096 | D:2      | Reached skill level 1 in Hexes
  1096 | D:2      | Reached skill level 1 in Summonings
  1096 | D:2      | Reached skill level 1 in Necromancy
  1096 | D:2      | Reached skill level 1 in Translocations
  1096 | D:2      | Reached skill level 1 in Transmutations
  1096 | D:2      | Reached skill level 1 in Fire Magic
  1096 | D:2      | Reached skill level 1 in Ice Magic
  1096 | D:2      | Reached skill level 1 in Earth Magic
  1096 | D:2      | Reached skill level 1 in Poison Magic
  1383 | D:2      | Reached XP level 5. HP: 37/37 MP: 9/9
  1615 | D:2      | Noticed Natasha
  1621 | D:2      | Killed Natasha
  1646 | D:2      | Noticed Natasha
  1655 | D:2      | Killed from afar by Natasha

Illustrated notes

Levels and vault maps discovered:
D:1:      matt_arrival_debris, layout_basic, hellmonk_ecumenical_altar_zigzags
D:2:      layout_loops_ring, minmay_between, uniq_natasha

Skill      XL: |  1  2  3  4 |
---------------+-------------+-----
Invocations    | 1 |  1.7
Fighting       | 1 |  1.5
Short Blades   | 1 |  1.5
Long Blades    | 1 |  1.5
Axes           | 1 |  1.5
Maces & Flails | 1 |  1.5
Staves         | 1 |  1.5
Ranged Weapons | 1 |  1.5
Throwing       | 1 |  1.5
Dodging        | 1 |  1.5
Stealth        | 1 |  1.5
Shields        | 1 |  1.5
Unarmed Combat | 1 |  1.5
Spellcasting   | 3 |  3.2
Conjurations   | 1 |  1.2
Hexes          | 1 |  1.2
Summonings     | 1 |  1.2
Necromancy     | 1 |  1.2
Translocations | 1 |  1.2
Transmutations | 1 |  1.2
Fire Magic     | 1 |  1.2
Ice Magic      | 1 |  1.2
Earth Magic    | 1 |  1.2
Poison Magic   | 1 |  1.2
Polearms       | |  4.8
Armour         | |  4.8
Air Magic      | |  5.5
Evocations     | |  4.8

Action                     |  1- 3 |  4- 6 || total
---------------------------+-------+-------++-------
  Melee: Trident           |   107 |    77 ||   184
         Bite              |     9 |     2 ||    11
         Punch             |       |     2 ||     2
    Use: Scroll            |     2 |     3 ||     5
 Armour: Ring mail         |    33 |    30 ||    63
  Dodge: Dodged            |    53 |    28 ||    81
